 Dungeon Crawl Stone Soup version 0.31-a0-219-g8d62b2e7bb (webtiles) character file.

Game seed: 9729714102126830211

1801218 Ge0ff the Stormcaller (level 27, 270/270 HPs)
             Began as an Armataur Reaver on July 3, 2023.
             Was the Champion of Vehumet.
             Escaped with the Orb
             ... and 4 runes on July 4, 2023!
             The game lasted 03:14:01 (115314 turns).

Ge0ff the Stormcaller (Armataur Reaver)           Turns: 115314, Time: 03:14:02

Health: 270/270    AC: 25    Str: 21    XL:     27
Magic:  55/55      EV: 11    Int: 45    God:    Vehumet [******]
Gold:   9565       SH:  0    Dex: 13    Spells: 10/62 levels left

rFire   + + .        a - staff "Orb Guardian's Foe" {rElec rF+ Int+3 Stlth+ Air}
rCold   + . .        h - orb {*channel}
rNeg    + . .        S - +4 troll leather armour
rPois   +            G - +3 hat of Pondering {ponderous, Will+ MP+10 Int+5}
rElec   +            c - scarf of Indomitability {rC+ rF+, +Inv Str+5}
rCorr   .            D - +0 pair of gloves
SInv    .            Q - +0 barding of Ydwoy {Drain rPois Slay+5 Stlth-}
Will    +++++        b - amulet of the Four Winds {rN+ Will+++ Clar}
Stlth   +            w - +6 ring of intelligence
HPRegen 1.45/turn    L - +6 ring of intelligence {=R}
MPRegen 0.34/turn

%: clarity, roll, channel magic (20%)
@: studying 3 skills, slow
A: large, rugged brown scales 3, deformed body, armoured tail, roll, long
tongue, awkward tongue, agile 1, robust 1, screaming 1, weak 1, subdued magic 1
0: Orb of Zot
}: 4/15 runes: barnacled, slimy, silver, gossamer
a: Renounce Religion, Evoke Invisibility


You escaped.
You worshipped Vehumet.
Vehumet was exalted by your worship.
You visited 12 branches of the dungeon, and saw 56 of its levels.
You visited 1 bazaar.
You also visited: Wizlab.

You collected 15179 gold pieces.
You spent 5614 gold pieces at shops.

Inventory:

Missiles
 g - 12 throwing nets {=F}
 i - 14 silver javelins
 v - 7 curare-tipped darts {=F}
 x - 17 javelins
Armour
 c - the scarf of Indomitability (worn) {rC+ rF+, +Inv Str+5}
   (You found it on level 3 of the Dungeon)

   Str:       It affects your strength (+5).
   +Inv:      It lets you turn invisible.
 h - an orb of energy (worn)
 r - a +4 kite shield of reflection
 D - a +0 pair of gloves (worn)
 G - the +3 hat of Pondering (worn) {ponderous, Will+ MP+10 Int+5}
   (You found it on level 3 of the Elven Halls)

   Int:       It affects your intelligence (+5).
   MP:        It affects your magic capacity (+10).
   Will:      It increases your willpower.
 Q - the +0 barding of Ydwoy (worn) {Drain rPois Slay+5 Stlth-}
   (You acquired it on level 5 of the Lair of Beasts)

   Slay:      It affects your accuracy & damage with ranged weapons and melee
   (+5).
   rPois:     It protects you from poison.
   Drain:     It drains your maximum health when unequipped.
   Stlth:     It makes you less stealthy.
 S - a +4 troll leather armour (worn)
 Z - the +4 dragonskin cloak
   (You took it off Tiamat on level 4 of the Realm of Zot)

   Avatar's Aegis: It grants the wearer a chance to resist fire, cold, poison,
   electricity, acid, and negative energy.
Magical Staves
 a - the staff "Orb Guardian's Foe" (weapon) {rElec rF+ Int+3 Stlth+ Air}
   (You found it on level 3 of the Depths)

   [staff of air]

   Base accuracy: +5 Base damage: 5 Base attack delay: 1.2 This weapon's minimum
   attack delay (0.6) is reached at skill level 12.
   Int:       It affects your intelligence (+3).
   rF:        It protects you from fire.
   rElec:     It insulates you from electricity.
   Air:       It increases the power of your Air spells.
   Stlth:     It makes you more stealthy.
   It falls into the 'Staves' category.
   It is a one-handed weapon.
Jewellery
 b - the amulet of the Four Winds (around neck) {rN+ Will+++ Clar}
   (You found it on level 3 of the Spider Nest)

   [amulet of nothing]

   rN:        It protects you from negative energy.
   Clar:      It protects you from confusion, rage, mesmerisation and fear.
   Will:      It greatly increases your willpower.
 e - a ring of flight
 w - a +6 ring of intelligence (left hand)
 A - a ring of see invisible
 L - a +6 ring of intelligence (right hand) {=R}
 Y - a ring of resist corrosion
Wands
 d - a wand of digging (26)
 f - a wand of flame (112)
 j - a wand of light (52)
 k - a wand of iceblast (55)
 p - a wand of paralysis (89)
 s - a wand of mindburst (54)
 P - a wand of polymorph (47)
Scrolls
 m - a scroll of revelation
 y - 7 scrolls of immolation
 B - 4 scrolls of blinking
 C - 8 scrolls of poison
 E - 9 scrolls of fear
 F - 9 scrolls of fog
 J - 3 scrolls of silence {!r}
 T - 18 scrolls of teleportation
 V - 13 scrolls of vulnerability
Potions
 o - 12 potions of ambrosia
 q - 13 potions of curing
 u - 10 potions of mutation {!q}
 z - 3 potions of brilliance
 H - 3 potions of haste {!q}
 I - 4 potions of invisibility
 K - 9 potions of magic {!q}
 M - 5 potions of might
 N - 5 potions of cancellation {!q}
 R - 6 potions of resistance
 W - 3 potions of heal wounds {!q}
 X - 13 potions of enlightenment {!q}
Miscellaneous
 l - a lightning rod (4/4)
 n - a phial of floods
 t - a tin of tremorstones (2/2)
 O - a box of beasts
 U - a phantom mirror


   Skills:
 + Level 16.0 Fighting
 - Level 6.0 Maces & Flails
 - Level 6.0 Throwing
 - Level 20.0 Armour
 + Level 8.9 Dodging
 + Level 5.7 Stealth
 - Level 15.0 Shields
 + Level 18.3 Spellcasting
 - Level 20.0 Conjurations
 - Level 7.0 Hexes
 + Level 8.3 Necromancy
 - Level 7.0 Translocations
 - Level 7.0 Transmutations
 - Level 15.0 Fire Magic
 - Level 20.9 Air Magic
 - Level 10.0 Poison Magic
 + Level 7.8 Evocations


You had 10 spell levels left.
You knew the following spells:

 Your Spells              Type           Power      Damage    Failure   Level
a - Sublimation of Blood  Necr           74%        N/A       1%          2
d - Iskenderun's Mystic   Conj/Tloc      90%        2d18      1%          4
e - Irradiate             Conj/Tmut      45%        3d26      1%          5
f - Maxwell's Capacitive  Air            66%        ∞         1%          8
i - Ignite Poison         Fire/Tmut/Pois 81%        N/A       1%          3
l - Chain Lightning       Conj/Air       65%        3d87      7%          9
m - Plasma Beam           Fire/Air       62%        2x1d78    1%          6
r - Olgreb's Toxic Radia  Pois           79%        N/A       1%          4
w - Passwall              Tmut/Erth      45%        N/A       1%          2
y - Yara's Violent Unrav  Hex/Tmut       34%        3d14      1%          5
B - Blink                 Tloc           100%       N/A       1%          2
C - Poisonous Vapours     Pois/Air       100%       N/A       1%          2

Your spell library contained the following spells:

 Spells                   Type           Power      Damage    Failure   Level
 Fire Storm               Conj/Fire      50%        8d13      19%         9
 Beastly Appendage        Tmut           100%       N/A       1%          1
 Foxfire                  Conj/Fire      100%       2x1d9     1%          1
 Freeze                   Ice            100%       1d10      1%          1
 Kiss of Death            Conj/Necr      100%       2d13      1%          1
 Magic Dart               Conj           100%       1d8       1%          1
 Sandblast                Erth           62%        2d14      1%          1
 Shock                    Conj/Air       100%       1d9       1%          1
 Sting                    Tmut/Pois      100%       1d8       1%          1
 Lesser Beckoning         Tloc           100%       N/A       1%          2
 Momentum Strike          Conj/Tloc      100%       3d10      1%          2
 Scorch                   Fire           100%       2d9       1%          2
 Confusing Touch          Hex            69%        N/A       1%          3
 Dazzling Flash           Conj/Hex       100%       N/A       1%          3
 Frozen Ramparts          Ice            62%        1d10      1%          3
 Gell's Gravitas          Tloc           69%        N/A       1%          3
 Hailstorm                Conj/Ice       79%        3d16      1%          3
 Inner Flame              Hex/Fire       82%        N/A       1%          3
 Mephitic Cloud           Conj/Pois/Air  100%       N/A       1%          3
 Portal Projectile        Hex/Tloc       100%       N/A       1%          3
 Spider Form              Tmut/Pois      74%        N/A       1%          3
 Stone Arrow              Conj/Erth      100%       3d13      1%          3
 Swiftness                Air            100%       N/A       1%          3
 Teleport Other           Tloc           69%        N/A       1%          3
 Vhi's Electric Charge    Tloc/Air       100%       N/A       1%          3
 Volatile Blastmotes      Fire/Tloc      100%       2d18      1%          3
 Airstrike                Air            66%        2d(10-26) 1%          4
 Anguish                  Hex/Necr       35%        N/A       1%          4
 Animate Dead             Necr           74%        N/A       1%          4
 Cause Fear               Hex            34%        N/A       1%          4
 Dispel Undead            Necr           74%        3d25      1%          4
 Flame Wave               Conj/Fire      100%       2d21      1%          4
 Fulminant Prism          Conj/Hex       45%        3d21      1%          4
 Manifold Assault         Tloc           69%        N/A       1%          4
 Passage of Golubria      Tloc           69%        N/A       1%          4
 Sticky Flame             Conj/Fire      100%       2d11      1%          4
 Summon Lightning Spire   Summ/Air       100%       N/A       1%          4
 Arcjolt                  Conj/Air       65%        1d75      1%          5
 Fireball                 Conj/Fire      50%        3d20      1%          5
 Freezing Cloud           Conj/Ice/Air   56%        6-21      1%          5
 Iskenderun's Battlesphe  Conj           100%       2d15      1%          5
 Silence                  Hex/Air        56%        N/A       1%          5
 Conjure Ball Lightning   Conj/Air       65%        3x3d23    1%          6
 Leda's Unmaking          Conj/Erth      39%        9d7       1%          6
 Starburst                Conj/Fire      50%        6d14      1%          6
 Orb of Destruction       Conj           53%        9d13      1%          7
 Summon Small Mammal      Summ           100%       N/A       2%          1
 Summon Guardian Golem    Hex/Summ       54%        N/A       2%          3
 Alistair's Intoxication  Tmut/Pois      49%        N/A       2%          5
 Eringya's Noxious Bog    Tmut/Pois      37%        N/A       2%          6
 Blade Hands              Tmut           34%        N/A       3%          5
 Ice Form                 Ice/Tmut       54%        N/A       4%          4
 Leda's Liquefaction      Hex/Erth       27%        N/A       4%          4
 Petrify                  Tmut/Erth      54%        N/A       4%          4
 Spellforged Servitor     Conj/Summ      39%        N/A       4%          7
 Ignition                 Fire           47%        3d13      4%          8
 Call Canine Familiar     Summ           31%        N/A       5%          3
 Storm Form               Tmut/Air       56%        N/A       5%          7
 Borgnjor's Vile Clutch   Necr/Erth      28%        N/A       8%          5
 Death Channel            Necr           37%        N/A       8%          6
 Lee's Rapid Deconstruct  Erth           15%        3d10*     9%          5
 Metabolic Englaciation   Hex/Ice        27%        N/A       10%         5
 Dispersal                Tloc           34%        N/A       12%         6
 Animate Armour           Summ/Erth      62%        N/A       13%         4
 Summon Ice Beast         Ice/Summ       31%        N/A       13%         4
 Lehudib's Crystal Spear  Conj/Erth      39%        10d10     24%         8
 Simulacrum               Ice/Necr       28%        N/A       30%         6
 Statue Form              Tmut/Erth      36%        N/A       36%         6
 Enfeeble                 Hex            34%        N/A       43%         7
 Ozocubu's Refrigeration  Ice            15%        4d10      82%         7
 Discord                  Hex            34%        N/A       97%         8
 Polar Vortex             Ice            15%        N/A       100%        9


Dungeon Overview and Level Annotations

Branches:
Dungeon (15/15)            Temple (1/1) D:6            Lair (5/5) D:9
 Shoals (4/4) Lair:3       Spider (4/4) Lair:2        Slime (5/5) Lair:4
    Orc (2/2) D:11            Elf (3/3) Orc:2        Vaults (5/5) D:13
  Crypt (3/3) Vaults:2       Tomb (0/3) Crypt:3      Depths (4/4) D:15
    Zot (5/5) Depths:4     WizLab (visited)

Altars:
Ashenzari
Cheibriados
Dithmenos
Elyvilon
Fedhas
Gozag
Hepliaklqana
Kikubaaqudgha
Makhleb
Nemelex Xobeh
Okawaru
Qazlal
Ru
Sif Muna
Trog
Uskayaw
Vehumet
Wu Jian
Xom
Yredelemnul
Zin
The Shining One
Jiyva

Shops:
Orc:2 *([:   Elf:2 (   Shoals:3 *   Shoals:4 (   Vaults:4 (   Depths:1 (

Portals:
Hell: Depths:1 Depths:2 Depths:3 Depths:4
Abyss: Depths:3
Pandemonium: Depths:1 Depths:2
Ziggurat: Depths:2
Trove: D:14 (give 6 scrolls of blinking)


Innate Abilities, Weirdness & Mutations

You are completely covered in rugged brown scales. (AC +3, +7% HP)
Armour fits poorly on your strangely shaped body.
You have a long armoured tail.
You roll when moving toward enemies. (Rampage)
Your long tongue fully drains potion bottles. (2x potion effects)
Your tongue gives you trouble enunciating. (1.5x scroll delay)
You are agile. (Dex +4, Str/Int -1)
You are robust. (+10% HP)
You occasionally shout uncontrollably at your foes.
You are weak. (Str -2)
Your spells are a little easier to cast, but a little less powerful.


Message History

Things that are here:
a +0 short sword; a +1 dagger of holy wrath
Things that are here:
a +0 mace; a +0 robe; a +3 long sword Your extra speed is starting to run out.
You see here a +0 robe.
Things that are here:
a +0 robe; a +0 great sword
There is a stone staircase leading up here.
You climb upwards.
You feel yourself slow down.
There is a stone staircase leading down here.
You open the door.
There is an open door here.
A ynoxinul comes into view.
You feel a surge of power!
The bolt of lightning hits the ynoxinul!
The ynoxinul resists.
The ynoxinul is moderately wounded.
The fiery plasma misses the ynoxinul.
Magical energy flows into your mind!
You feel a surge of power!
The bolt of lightning misses the ynoxinul.
The fiery plasma hits the ynoxinul!!!
You kill the ynoxinul!
Vehumet accepts your kill.
(D) Dungeon (T) Temple (L) Lair (A) Shoals (N) Spider Nest (M) Slime Pits (O) Orcish Mines (E) Elven Halls (V) Vaults (C) Crypt (W) Tomb (U) Depths (H) Hell (Z) Zot
Where to? (Enter - D:1 @ (x,y), ? - help)
There is a stone staircase leading up here.
You climb upwards.
There is a stone staircase leading down here.
Magic restored.
There is a stone staircase leading up here.
You climb upwards.
There is a stone staircase leading down here.
There is a stone staircase leading up here.
You climb upwards.
There is a stone staircase leading down here.
There is a stone staircase leading up here.
You climb upwards.
Level annotation: stormcaller 20.9 air
There is a stone staircase leading down here.
There is a staircase leading out of the dungeon here.
Annotate which branch? (. - D:1, ? - help, ! - show branch list) Current level annotation: stormcaller 20.9 air New annotation for D:1 (include '!' for warning): Cleared annotation.
You have escaped!

#.#.#............#.#.#
#.#..#..........#..#.#
#.#...#...#....#...#.#
#.#....#...#..#....#.#
######.#.....#.#.##.....#.#
##....#.#..#...#...#.#...#.#
......).#...#.#.....#....#†#
##....#.#....#.....#.#.#.#.#
##........#...#.@.#...#....#
######..#..#...#.#...#...###
## ##...#...#...#...#....#
.# #..#.#....#.#.#.#.....#
.###.##.#.....#...##.....#
........#....#.#.#..#....#
........#...#...#....#...#
........#..#.....#....#..#
...>....#.#............#.#


There were no monsters in sight!

Vanquished Creatures
  the Royal Jelly (Slime:5)
  3 dread liches
  Tiamat (Zot:4)
  4 orbs of fire
  2 juggernauts (Depths:3)
  Bai Suzhen (Spider:4)
  Parghit (Depths:3)
  Frederick (Depths:4)
  Saint Roka (Crypt:3)
  7 Killer Klowns (Zot:5)
  Margery (Vaults:5)
  Xtahua (Vaults:2)
  5 caustic shrikes (Depths:3)
  the Enchantress (Depths:3)
  28 golden dragons
  7 bone dragons
  A Brimstone Fiend (Depths:1)
  Jorgrun (Orc:2)
  3 electric golems (Zot:5)
  21 tentacled monstrosities
  A shard shrike skeleton (Crypt:2)
  10 liches
  A walking earthen tome (Depths:3)
  5 titans
  4 quicksilver dragons
  27 Orb Guardians
  2 walking divine tomes
  2 walking frostbound tomes (Depths:3)
  3 deep elf blademasters
  6 ancient champions
  An eldritch tentacle (Vaults:4)
  8 sphinxes
  19 acid blobs
  7 death cobs
  5 deep elf master archers
  Polyphemus (Shoals:2)
  Donald (Vaults:1)
  13 tengu reavers
  15 storm dragons
  5 revenants
  Roxanne (Elf:3)
  18 shadow dragons
  5 draconian knights
  9 azure jellies
  6 draconian monks
  8 deep elf sorcerers
  12 rockslimes
  3 fenstrider witches (WizLab)
  16 fire giants
  16 frost giants
  4 draconian scorchers
  Aizul (Vaults:4)
  5 draconian stormcallers
  8 ghost moths
  6 emperor scorpions
  3 iron dragons
  A cacodemon (Depths:1)
  17 vault wardens
  A curse skull (Crypt:1)
  2 deep elf elementalists (Elf:3)
  4 orc warlords
  3 draconian annihilators
  A reaper (Zot:2)
  7 draconian shifters
  16 ironbound preservers
  20 very ugly things
  5 spriggan defenders (Depths:3)
  8 quicksilver oozes
  A broodmother (Spider:3)
  9 formless jellyfish
  24 stone giants
  6 vampire knights
  3 ironbound thunderhulks
  A juggernaut skeleton (Crypt:2)
  9 war gargoyles
  4 deep elf demonologists
  12 white draconians
  A spark wasp (shapeshifter) (Depths:3)
  13 spark wasps
  16 green draconians
  12 black draconians
  14 red draconians
  8 deep elf annihilators
  10 dire elephants
  2 eleionomae (WizLab)
  9 purple draconians
  The ghost of oufanbear the Cleaver, a journeyman MiBe of Trog (Orc:2)
  11 yellow draconians
  A green death (Zot:1)
  9 merfolk javelineers
  9 merfolk impalers
  24 ettins
  4 deep elf death magi
  2 shambling mangroves (WizLab)
  An eidolon (Crypt:1)
  An acid blob zombie (Crypt:2)
  A fire dragon (shapeshifter) (Depths:3)
  Harold (Orc:1)
  A jiangshi (Vaults:2)
  Josephine (D:14)
  An entropy weaver (shapeshifter) (Depths:3)
  6 entropy weavers
  21 fire dragons
  A crystal guardian (Vaults:2)
  4 spriggan zombies
  14 yaktaur captains
  29 vault guards
  8 great orbs of eyes
  A pearl dragon skeleton (Crypt:2)
  5 rakshasas
  6 deep elf high priests
  A hydra (shapeshifter) (Depths:3)
  4 quicksilver dragon skeletons
  A hell beast (Depths:1)
  15 ice dragons
  A hydra (Lair:5)
  2 ogre magi
  Erolcha (D:9)
  4 jorogumos
  2 catoblepae
  2 peacekeepers (Vaults:2)
  Erica (D:11)
  10 spriggan air magi
  An alligator snapping turtle (Shoals:2)
  9 ironbound frosthearts
  3 merfolk aquamancers
  2 spriggan skeletons (Crypt:3)
  22 centaur warriors
  3 fenstrider witch skeletons
  A radroach (Spider:4)
  9 death yaks
  9 deep troll shamans
  10 deep troll earth magi
  10 boulder beetles
  13 satyrs
  4 two-headed ogres
  2 vampire magi
  29 dancing weapons
  7 tengu warriors
  A titan zombie (Crypt:1)
  18 demonic crawlers
  An orc high priest (Orc:2)
  13 hell knights
  Sonja (Lair:5)
  22 deep elf knights
  A naga sharpshooter (WizLab)
  7 spriggan berserkers
  3 soul eaters
  44 skeletal warriors
  A sun demon (Depths:1)
  A sixfirhy (Zot:4)
  4 titan skeletons
  5 iron trolls
  A hellephant skeleton (Crypt:2)
  A death drake (shapeshifter) (Depths:4)
  A storm dragon zombie (Crypt:1)
  8 skysharks
  9 sea snakes
  2 sun moths
  10 pharaoh ants
  A shadow wraith (Vaults:5)
  61 deep trolls
  4 glowing orange brains
  2 death drakes (Zot:4)
  2 flayed ghosts (Depths:3)
  6 ironbound convokers
  10 orb spiders
  21 lindwurms
  8 phantasmal warriors
  A bunyip skeleton (Crypt:1)
  7 wizards
  11 deep elf archers
  31 deep elf zephyrmancers
  12 steelbarb worms
  7 harpies
  A sphinx zombie (Crypt:2)
  10 necromancers
  10 orc knights
  A steelbarb worm (shapeshifter) (Vaults:5)
  28 ugly things
  2 iron dragon zombies (Depths:1)
  20 deep elf pyromancers
  A salamander (shapeshifter) (D:15)
  14 fauns
  A tengu skeleton (Vaults:4)
  4 orc sorcerers
  An oklob plant (WizLab)
  5 shining eyes
  26 moths of wrath
  19 wolf spiders
  18 manticores
  8 cyclopes
  A frost giant zombie (Depths:1)
  10 elephants
  4 black mambas
  An elephant (shapeshifter) (Vaults:3)
  A formless jellyfish zombie (Crypt:1)
  2 manticores (shapeshifter) (Vaults:5)
  15 vault sentinels
  11 fire giant skeletons (Crypt:3)
  An eleionoma skeleton (Crypt:1)
  10 cane toads
  2 naga magi (Vaults:4)
  9 torpor snails
  10 merfolk sirens
  A water nymph (Shoals:2)
  A smoke demon (Depths:1)
  2 ice statues (Vaults:4)
  7 gargoyles
  3 eyes of devastation (Slime:5)
  A dire elephant skeleton (Crypt:3)
  An unseen horror (D:13)
  A centaur skeleton (Crypt:1)
  7 rime drakes
  A hellion (D:8)
  4 komodo dragons
  A grey draconian skeleton (Crypt:2)
  5 tengu conjurers
  3 freezing wraiths
  26 yaktaurs
  A komodo dragon (shapeshifter) (Elf:3)
  An iron troll zombie (Crypt:1)
  2 guardian mummies (Crypt:3)
  A harpy zombie (Crypt:3)
  11 meliai
  26 merfolk
  2 hellwings (Depths:1)
  6 trolls
  8 wind drakes
  9 hornets
  4 harpy skeletons
  9 polar bears
  A tarantella (shapeshifter) (Vaults:5)
  4 snapping turtles
  A sphinx simulacrum (Depths:1)
  Prince Ribbit (D:6)
  A hydra skeleton (Crypt:2)
  15 blink frogs
  A culicivora zombie (Crypt:1)
  24 tarantellas
  An ettin zombie (Crypt:3)
  12 dream sheep
  58 slime creatures
  6 fire dragon skeletons
  A fire giant simulacrum (Depths:1)
  3 flying skulls (Crypt:2)
  31 jumping spiders
  16 culicivoras
  A guardian serpent skeleton (Crypt:2)
  12 wraiths
  12 spriggans
  3 air elementals
  7 shadows
  18 yaks
  14 water elementals
  A ynoxinul (D:5)
  16 humans (D:13)
  7 wyverns
  7 steam dragons
  3 fire elementals
  5 golden eyes (Slime:5)
  50 redbacks
  13 vampire mosquitoes
  3 basilisks
  Grum (D:8)
  4 wargs (Orc:1)
  A harpy simulacrum (Vaults:4)
  2 spatial vortices (Vaults:4)
  A spriggan simulacrum (Depths:1)
  A two-headed ogre zombie (Crypt:3)
  5 acid dragons (Zot:4)
  14 water moccasins
  2 hydra simulacra (Vaults:4)
  36 orc warriors
  A floating eye (shapeshifter) (D:15)
  3 floating eyes
  8 ice beasts
  5 sky beasts
  A deep troll simulacrum (Vaults:4)
  5 black bears
  3 black mamba simulacra (Vaults:4)
  A lindwurm zombie (Crypt:1)
  12 ogres
  A centaur (D:9)
  4 boggarts (Lair:5)
  44 wolves
  A snapping turtle skeleton (Crypt:2)
  13 bullfrogs
  2 kobold brigands
  3 scorpions
  2 earth elementals (Elf:3)
  A gnoll sergeant (D:10)
  A salamander skeleton (Crypt:2)
  12 wights
  An elephant simulacrum (Vaults:4)
  13 killer bees
  A raiju skeleton (Crypt:2)
  4 howler monkeys
  4 hounds
  A jelly (D:6)
  2 gnoll boudas (D:7)
  13 orc priests
  Jessica (D:2)
  7 iguanas
  A scorpion zombie (Crypt:2)
  14 orc wizards
  2 ogre zombies (D:5)
  10 mummies (Crypt:3)
  21 gnolls
  5 adders
  A naga simulacrum (Vaults:4)
  A shadow imp (D:6)
  A swamp drake skeleton (Crypt:1)
  2 white imps
  An ufetubus (D:5)
  A worm (D:4)
  A dart slug (D:4)
  55 orcs
  9 ball pythons
  5 bats
  10 endoplasms
  13 goblins
  9 hobgoblins
  5 jackals
  17 kobolds
  A quokka (D:1)
  A ball python skeleton (Crypt:1)
  2 frilled lizards (D:3)
  5 rats
  A butterfly (Lair:3)
2435 creatures vanquished.

Vanquished Creatures (collateral kills)
  A curse skull (Crypt:3)
  A demonic crawler (Spider:3)
2 creatures vanquished.

Vanquished Creatures (others)
  A fire giant (Depths:3)
1 creature vanquished.

Grand Total: 2438 creatures vanquished

Notes
Turn   | Place    | Note
-------+----------+-------------------------------------------
     0 | D:1      | Ge0ff the Armataur Reaver began the quest for the Orb.
     0 | D:1      | Reached XP level 1. HP: 18/18 MP: 3/3
   128 | D:1      | Found a faded altar of an unknown god.
   136 | D:1      | Prayed at the altar of an unknown god.
   136 | D:1      | Became a worshipper of Vehumet
   136 | D:1      | Reached * piety under Vehumet
   136 | D:1      | Offered knowledge of Magic Dart by Vehumet.
   261 | D:1      | Reached XP level 2. HP: 25/25 MP: 4/4
   914 | D:2      | Noticed Jessica
   928 | D:2      | Killed Jessica
   929 | D:2      | Reached skill level 1 in Stealth
   929 | D:2      | Reached XP level 3. HP: 6/31 MP: 5/5
  1395 | D:2      | Reached XP level 4. HP: 36/38 MP: 6/6
  1436 | D:2      | Reached ** piety under Vehumet
  1469 | D:2      | Learned a level 1 spell: Magic Dart
  1708 | D:3      | Found a hazy altar of Hepliaklqana.
  1718 | D:3      | Offered knowledge of Scorch by Vehumet.
  1934 | D:3      | Learned a level 2 spell: Scorch
  1988 | D:3      | Identified the scarf of Indomitability {rC+ rF+, +Inv
                  | Str+5}
  2102 | D:3      | Found a blossoming altar of Fedhas.
  2255 | D:3      | Reached skill level 1 in Fire Magic
  2883 | D:4      | Noticed a scorpion
  2902 | D:3      | Killed a scorpion
  2903 | D:3      | Reached XP level 5. HP: 27/43 MP: 2/8
  3030 | D:4      | Offered knowledge of Ignite Poison by Vehumet.
  3051 | D:4      | Learned a level 3 spell: Ignite Poison
  3221 | D:4      | Found a sacrificial altar of Ru.
  3317 | D:4      | Reached *** piety under Vehumet
  3318 | D:4      | Reached XP level 6. HP: 49/51 MP: 2/9
  3914 | D:4      | Reached skill level 5 in Maces & Flails
  3952 | D:4      | Offered knowledge of Volatile Blastmotes by Vehumet.
  4044 | D:5      | Entered Level 5 of the Dungeon
  4205 | D:5      | Noticed an ice beast
  4209 | D:5      | Killed an ice beast
  4210 | D:5      | Reached XP level 7. HP: 53/58 MP: 3/10
  4215 | D:5      | Reached skill level 5 in Fire Magic
  4473 | D:5      | Found a transporter.
  4970 | D:5      | Found a hide-covered altar of Uskayaw.
  4972 | D:5      | Found an opulent altar of Gozag.
  5040 | D:5      | Found a transporter.
  5226 | D:6      | Found a shimmering blue altar of Sif Muna.
  5461 | D:6      | Reached XP level 8. HP: 58/65 MP: 2/11
  5756 | D:6      | Found a staircase to the Ecumenical Temple.
  5773 | Temple   | Entered the Ecumenical Temple
  5946 | D:6      | Noticed Prince Ribbit
  5958 | D:6      | Killed Prince Ribbit
  6363 | D:5      | Reached skill level 1 in Evocations
  6483 | D:6      | Reached **** piety under Vehumet
  6718 | D:6      | Offered knowledge of Inner Flame by Vehumet.
  6730 | D:6      | Learned a level 4 spell: Iskenderun's Mystic Blast
  6838 | D:6      | Reached XP level 9. HP: 73/73 MP: 6/13
  7760 | D:7      | Reached skill level 1 in Translocations
  9136 | D:8      | Noticed a cyclops
  9138 | D:8      | Noticed Grum
  9370 | D:7      | Killed a cyclops
  9371 | D:7      | Reached XP level 10. HP: 33/82 MP: 4/14
  9525 | D:8      | Killed Grum
  9526 | D:8      | Reached skill level 5 in Conjurations
  9830 | D:8      | Found a snail-covered altar of Cheibriados.
 10024 | D:8      | Reached skill level 1 in Armour
 10239 | D:8      | Found a white marble altar of Elyvilon.
 10510 | D:9      | Reached skill level 1 in Throwing
 10560 | D:9      | Noticed Erolcha
 10569 | D:9      | Killed Erolcha
 10587 | D:8      | Learned a level 2 spell: Blink
 10715 | D:9      | Reached skill level 10 in Fire Magic
 10770 | D:9      | Found a staircase to the Lair.
 11180 | D:9      | Reached ***** piety under Vehumet
 11852 | D:9      | Offered knowledge of Olgreb's Toxic Radiance by Vehumet.
 11858 | D:9      | Learned a level 4 spell: Olgreb's Toxic Radiance
 12019 | D:10     | Entered Level 10 of the Dungeon
 12113 | D:10     | Reached skill level 1 in Transmutations
 12113 | D:10     | Reached skill level 1 in Poison Magic
 12113 | D:10     | Reached XP level 11. HP: 65/89 MP: 5/17
 12393 | D:10     | Reached skill level 5 in Translocations
 12959 | D:11     | Noticed a tengu warrior
 12966 | D:11     | Killed a tengu warrior
 13224 | D:11     | Reached skill level 5 in Spellcasting
 13224 | D:11     | Reached skill level 5 in Evocations
 13492 | D:11     | Noticed Erica
 13603 | D:11     | Killed Erica
 13794 | D:11     | Learned a level 2 spell: Poisonous Vapours
 13805 | D:11     | Found a staircase to the Orcish Mines.
 14403 | Orc:1    | Entered Level 1 of the Orcish Mines
 14574 | Orc:2    | Entered Level 2 of the Orcish Mines
 14688 | Orc:2    | Noticed an orc knight
 14696 | Orc:2    | Killed an orc knight
 14697 | Orc:2    | Reached skill level 1 in Air Magic
 14977 | Orc:2    | Noticed an orc sorcerer
 14981 | Orc:2    | Killed an orc sorcerer
 15193 | Orc:2    | Noticed an orc sorcerer
 15195 | Orc:2    | Noticed an orc warlord
 15197 | Orc:2    | Killed an orc sorcerer
 15198 | Orc:2    | Reached skill level 5 in Fighting
 15198 | Orc:2    | Reached XP level 12. HP: 100/100 MP: 15/20
 15202 | Orc:2    | Killed an orc warlord
 15203 | Orc:2    | Reached skill level 5 in Transmutations
 15203 | Orc:2    | Reached skill level 5 in Poison Magic
 15418 | Orc:2    | Noticed Jorgrun
 15448 | Orc:2    | Killed Jorgrun
 15659 | Orc:2    | Found a runed translucent door.
 15660 | Orc:2    | Noticed oufanbear's ghost (journeyman MiBe)
 15874 | Orc:2    | Offered knowledge of Sticky Flame by Vehumet.
 15932 | Orc:1    | Noticed an orc warlord
 15939 | Orc:1    | Killed an orc warlord
 16467 | Orc:2    | Noticed an orc high priest
 16470 | Orc:2    | Killed an orc high priest
 16841 | Orc:1    | Noticed Harold
 16848 | Orc:1    | HP: 5/100 [ogre/+0 giant club (28)]
 17141 | Orc:2    | Found Piroem's General Store.
 17157 | Orc:2    | Found Oceareuh's Antique Weapon Shoppe.
 17180 | Orc:2    | Bought a scroll of teleportation for 42 gold pieces
 17188 | Orc:2    | Found Bipat's Antique Armour Shoppe.
 17211 | Orc:2    | Found a staircase to the Elven Halls.
 17298 | Orc:2    | Found Fepuu's Book Shoppe.
 17491 | Orc:1    | Killed Harold
 17904 | Orc:2    | Bought an encrusted long sword for 212 gold pieces
 17904 | Orc:2    | Identified the +7 long sword of Doom {speed, rN+ Int+2}
                  | (You bought it in a shop on level 2 of the Orcish Mines)
 17989 | Lair:1   | Entered Level 1 of the Lair of Beasts
 18328 | Lair:1   | Noticed a catoblepas
 18341 | Lair:1   | Killed a catoblepas
 18342 | Lair:1   | Reached XP level 13. HP: 101/107 MP: 11/23
 18448 | Lair:1   | Reached skill level 5 in Air Magic
 19315 | Lair:1   | Offered knowledge of Conjure Ball Lightning by Vehumet.
 19762 | Lair:2   | Found a hole to the Spider Nest.
 20904 | Lair:3   | Reached skill level 10 in Poison Magic
 21329 | Lair:3   | Found a staircase to the Shoals.
 21611 | Lair:3   | Learned a level 6 spell: Plasma Beam
 23013 | Lair:4   | You fall into a shaft and drop 1 floor!
 23013 | Lair:5   | Entered Level 5 of the Lair of Beasts
 23662 | Lair:4   | Reached XP level 14. HP: 114/114 MP: 21/26
 24349 | Lair:4   | Found a viscous altar of Jiyva.
 24350 | Lair:4   | Found a staircase to the Slime Pits.
 24889 | Lair:5   | Noticed Sonja
 24901 | Lair:5   | Killed Sonja
 25343 | Lair:5   | Offered knowledge of Leda's Unmaking by Vehumet.
 27141 | Lair:5   | Identified a scroll of acquirement
 27142 | Lair:5   | Acquired the +0 barding of Ydwoy {Drain rPois Slay+5
                  | Stlth-}
 29066 | D:12     | Found a radiant altar of Vehumet.
 29805 | D:13     | Found a gate to the Vaults.
 30598 | D:13     | Reached XP level 15. HP: 125/125 MP: 23/27
 30719 | D:13     | You fall into a shaft and drop 1 floor!
 30743 | D:14     | Found a portal to a secret trove of treasure.
 31186 | D:14     | Reached ****** piety under Vehumet
 31313 | D:14     | Noticed Josephine
 31315 | D:14     | Killed Josephine
 32247 | D:15     | Entered Level 15 of the Dungeon
 32322 | D:15     | Offered knowledge of Lee's Rapid Deconstruction by Vehumet.
 32555 | D:15     | Found a staircase to the Depths.
 33290 | Orc:2    | Killed oufanbear's ghost
 33550 | Spider:1 | Entered Level 1 of the Spider Nest
 33556 | Spider:1 | Reached skill level 10 in Air Magic
 34008 | Spider:1 | Reached skill level 5 in Armour
 36985 | Spider:2 | Reached XP level 16. HP: 135/135 MP: 27/29
 36998 | Spider:3 | Offered knowledge of Fireball by Vehumet.
 38998 | Spider:3 | Found the amulet of the Four Winds {rN+ Will+++ Clar}
 39367 | Spider:4 | Entered Level 4 of the Spider Nest
 39718 | Spider:4 | Reached skill level 10 in Spellcasting
 39819 | Spider:4 | Offered knowledge of Ozocubu's Refrigeration by Vehumet.
 39972 | Spider:3 | Reached skill level 5 in Dodging
 40078 | Spider:3 | HP: 4/138 [demonic crawler (9)]
 40209 | Spider:3 | HP: 5/138 [demonic crawler (19)]
 40497 | Shoals:1 | Entered Level 1 of the Shoals
 40870 | Shoals:1 | Identified the +1 ring mail of Pan-Flutes {rElec rF+
                  | Stlth-}
 41764 | Shoals:2 | Reached XP level 17. HP: 90/145 MP: 23/31
 42922 | Shoals:2 | Noticed Polyphemus
 42927 | Shoals:2 | Killed Polyphemus
 43882 | Shoals:3 | Found a flickering gateway to a bazaar.
 43900 | Bazaar   | Entered a bazaar
 43935 | Bazaar   | Found Qoaf's Magic Scroll Shoppe.
 43935 | Bazaar   | Found Miapem's Armour Emporium.
 43957 | Bazaar   | Found Ecyv's Distillery.
 43957 | Bazaar   | Found Fyll's Magic Scroll Emporium.
 43999 | Bazaar   | Bought a scroll of fear for 40 gold pieces
 43999 | Bazaar   | Bought a scroll of revelation for 75 gold pieces
 43999 | Bazaar   | Bought a scroll of fog for 40 gold pieces
 43999 | Bazaar   | Bought 3 scrolls of vulnerability for 120 gold pieces
 43999 | Bazaar   | Bought a scroll of enchant armour for 75 gold pieces
 44013 | Bazaar   | Bought a scroll of immolation for 44 gold pieces
 44013 | Bazaar   | Bought a scroll of fog for 44 gold pieces
 44013 | Bazaar   | Bought a scroll of enchant armour for 82 gold pieces
 44013 | Bazaar   | Bought a scroll of vulnerability for 44 gold pieces
 44013 | Bazaar   | Bought a scroll of immolation for 44 gold pieces
 44013 | Bazaar   | Bought a scroll of enchant armour for 82 gold pieces
 44027 | Bazaar   | Bought a potion of haste for 150 gold pieces
 44027 | Bazaar   | Bought a potion of magic for 120 gold pieces
 44027 | Bazaar   | Bought a potion of curing for 45 gold pieces
 44027 | Bazaar   | Bought a potion of heal wounds for 75 gold pieces
 44027 | Bazaar   | Bought a potion of ambrosia for 120 gold pieces
 44027 | Bazaar   | Bought a potion of invisibility for 120 gold pieces
 44027 | Bazaar   | Bought a potion of might for 60 gold pieces
 44051 | Bazaar   | Bought a +1 kite shield of protection for 148 gold pieces
 45070 | Shoals:3 | Found Anogiymamnu's Alliterative Accessories.
 45089 | Shoals:3 | Bought a scroll of acquirement for 780 gold pieces
 45089 | Shoals:3 | Acquired 369 gold pieces
 45091 | Shoals:3 | Bought a book of Alchemy for 420 gold pieces
 45097 | Shoals:3 | Learned a level 5 spell: Irradiate
 45804 | Shoals:4 | Entered Level 4 of the Shoals
 46015 | Shoals:4 | Offered knowledge of Fire Storm by Vehumet.
 46015 | Shoals:4 | Offered knowledge of Chain Lightning by Vehumet.
 46015 | Shoals:4 | Offered knowledge of Maxwell's Capacitive Coupling by
                  | Vehumet.
 46997 | Shoals:4 | Identified the +8 sling "Ge0ff's Curse" {freeze, rElec rC+}
 48355 | Shoals:4 | Got a barnacled rune of Zot
 48376 | Shoals:4 | Found Matot's Weapon Shoppe.
 49128 | Spider:4 | Noticed Bai Suzhen
 50571 | Spider:3 | Reached XP level 18. HP: 112/157 MP: 21/32
 52401 | Spider:4 | Killed Bai Suzhen
 52710 | Spider:4 | Got a gossamer rune of Zot
 52984 | Shoals:1 | Learned a level 5 spell: Yara's Violent Unravelling
 53224 | Elf:1    | Entered Level 1 of the Elven Halls
 53232 | Elf:1    | Reached skill level 5 in Throwing
 53361 | Elf:1    | Reached skill level 1 in Hexes
 54209 | Elf:1    | Got the Meditations on Arcane Combat
 54267 | Elf:1    | Learned a level 2 spell: Sublimation of Blood
 55288 | Elf:2    | Reached skill level 1 in Necromancy
 55327 | Elf:2    | Identified the +0 chain mail "Qoox" {rPois Stlth+}
 55865 | Elf:2    | Found a runed translucent gate.
 55866 | Elf:2    | Found a runed translucent gate.
 55866 | Elf:2    | Found a runed translucent gate.
 55969 | Elf:2    | Paralysed by an air elemental for 1 turns
 55972 | Elf:2    | Paralysed by an air elemental for 1 turns
 56321 | Elf:2    | Found Jiohor's Weapon Shop.
 56554 | Elf:2    | Reached skill level 5 in Hexes
 58718 | Elf:3    | Entered Level 3 of the Elven Halls
 58850 | Elf:3    | Reached skill level 5 in Necromancy
 59191 | Elf:3    | Got the Lessons on the Gestalt and Ceraunoscopy
 59462 | Elf:3    | Reached XP level 19. HP: 128/164 MP: 34/34
 59498 | Elf:3    | Noticed Roxanne
 60474 | Elf:3    | Identified the +1 robe "Sujir" {rN+++ MP-9 Str+5 SInv}
 60500 | Elf:3    | Reached skill level 15 in Fire Magic
 60518 | Elf:3    | Reached skill level 10 in Fighting
 61061 | Elf:3    | Identified the +4 long sword of Dex Itam {speed, rN+}
 61061 | Elf:3    | Identified the ring "Ulathrech" {*Slow rF+ rN+ Will+ Str+3}
 62260 | Elf:3    | Identified the +7 falchion of the Moon {holy, rElec rPois
                  | Will- Int+5}
 62260 | Elf:3    | Identified the +4 crystal plate armour of the Echidna
                  | {SInv}
 62952 | Elf:3    | Found the +3 hat of Pondering {ponderous, Will+ MP+10
                  | Int+5}
 62966 | Elf:3    | Identified the +1 quarterstaff of Deilix {antimagic, rF+
                  | rN++ Will+ Stlth+}
 62977 | Elf:3    | Identified the +4 dagger of the Freezing Gods {freeze,
                  | rCorr Int-4 Dex+6}
 64155 | Elf:3    | Killed Roxanne
 64358 | Vaults:1 | Entered Level 1 of the Vaults
 65515 | Vaults:1 | Noticed Donald
 65517 | Vaults:1 | Killed Donald
 65680 | Vaults:1 | Reached skill level 10 in Armour
 66126 | Vaults:1 | Learned a level 8 spell: Maxwell's Capacitive Coupling
 66240 | Vaults:2 | Found a magical portal.
 66246 | WizLab   | Entered Eringya's Formal Garden
 66459 | WizLab   | Identified the staff "Voera" {rC+ rN+ Will+ Str-4 Necro
                  | Tloc}
 66571 | WizLab   | Reached XP level 20. HP: 174/174 MP: 34/36
 67367 | WizLab   | Identified the staff "Luneelist" {+Blink rElec rF- rN+
                  | rCorr Necro}
 67478 | WizLab   | Identified the staff of Resonant Gallantry {Fly rN+ Will+++
                  | Str-3 Int+3 Necro}
 67670 | WizLab   | Found a blossoming altar of Fedhas.
 67937 | WizLab   | Found a blossoming altar of Fedhas.
 68292 | Vaults:2 | Noticed Xtahua
 68313 | Vaults:2 | Killed Xtahua
 69274 | Vaults:2 | Found a staircase to the Crypt.
 69938 | Vaults:3 | Identified the +7 mace "Zyraph" {spect, Int+2 SInv}
 70297 | Vaults:3 | Acquired 855 gold pieces
 70633 | Shoals:3 | Bought a manual of Air Magic for 1200 gold pieces
 71755 | Vaults:3 | Identified the +8 trident of the Mosquito {flame, rPois
                  | rF+}
 72659 | Vaults:4 | Reached skill level 15 in Air Magic
 72843 | Vaults:4 | Got the Book of Wanderlust
 73141 | Vaults:4 | Reached XP level 21. HP: 192/192 MP: 37/37
 73249 | Vaults:4 | Found Ammelaug's Weapon Emporium.
 73788 | Vaults:4 | Noticed Aizul
 73793 | Vaults:4 | Killed Aizul
 74355 | Vaults:4 | Got Sif Muna's Catalogue of the Tundra
 75546 | Crypt:1  | Entered Level 1 of the Crypt
 75775 | Crypt:1  | Identified the +7 flail of Disarray {drain, rCorr Str+2
                  | Dex-3}
 75777 | Crypt:1  | Reached skill level 1 in Shields
 77506 | Crypt:2  | Reached skill level 15 in Fighting
 78680 | Crypt:2  | Identified the +0 ring mail of Watchfulness {Fly Stlth+}
 79092 | Crypt:2  | Identified the +3 ring mail of Atheism {Str+4 Slay+4}
 79097 | Crypt:2  | Reached skill level 5 in Shields
 79234 | Crypt:2  | Acquired 768 gold pieces
 79590 | Crypt:3  | Entered Level 3 of the Crypt
 79596 | Crypt:3  | Reached XP level 22. HP: 205/205 MP: 29/38
 80466 | Crypt:3  | Found the ring of the Octopus King
 80712 | Crypt:3  | Identified a ring of the Octopus King {rF+ HP+2 AC+2 EV+2
                  | SH+2}
 81147 | Crypt:3  | Noticed Saint Roka
 81155 | Crypt:3  | Killed Saint Roka
 81439 | Crypt:3  | Noticed a dread lich
 81450 | Crypt:3  | Killed a dread lich
 81549 | Crypt:3  | Found an ancient bone altar of Kikubaaqudgha.
 81566 | Crypt:3  | Identified the amulet of Divine Compulsion {Acrobat rC-
                  | Will+ Regen+ SInv}
 81568 | Crypt:3  | Identified the +0 ring mail "Vesoixor" {Will+}
 81636 | Crypt:3  | Learned a level 2 spell: Passwall
 82049 | Crypt:3  | Found a staircase to the Tomb.
 82049 | Crypt:3  | Noticed a dread lich
 82058 | Crypt:3  | Killed a dread lich
 82751 | Depths:1 | Entered Level 1 of the Depths
 83088 | Depths:1 | Found a gateway to Hell.
 83937 | Depths:1 | Found a stormy altar of Qazlal.
 83996 | Depths:1 | Found a one-way gate leading to the halls of Pandemonium.
 84002 | Depths:1 | Gained mutation: You are frail. (-10% HP) [a cacodemon]
 84417 | Depths:1 | Found a transporter.
 84417 | Depths:1 | Found Ithriamoeff's Weapon Shoppe.
 84454 | Depths:1 | Found a transporter.
 85269 | Depths:2 | Noticed a golden dragon
 85475 | Depths:2 | Killed a golden dragon
 85901 | Depths:2 | Found a one-way gateway to a ziggurat.
 86163 | Depths:2 | Acquired 581 gold pieces
 86213 | Depths:2 | Reached XP level 23. HP: 190/193 MP: 29/40
 86454 | Depths:2 | Reached skill level 10 in Conjurations
 86808 | Depths:2 | Identified the +3 halberd of Deaq {freeze, Int+3}
 87289 | Depths:3 | Found a runed translucent door.
 87289 | Depths:3 | Noticed a caustic shrike
 87579 | Depths:3 | Reached skill level 10 in Shields
 88079 | Depths:3 | Noticed a dread lich
 88088 | Depths:3 | Found a runed translucent door.
 88088 | Depths:3 | Found a runed translucent door.
 88105 | Depths:3 | Found a runed translucent door.
 88105 | Depths:3 | Found a runed translucent door.
 88105 | Depths:3 | Noticed a juggernaut
 88193 | Depths:3 | sigh
 88287 | Depths:3 | Noticed a caustic shrike
 88290 | Depths:3 | Killed a caustic shrike
 88681 | Depths:3 | Noticed a caustic shrike
 88686 | Depths:3 | Killed a caustic shrike
 88880 | Depths:3 | Noticed Parghit
 88885 | Depths:3 | Killed Parghit
 89172 | Depths:3 | Noticed the Enchantress
 89178 | Depths:3 | Killed the Enchantress
 89240 | Depths:3 | Got the Encyclopedia of the Mutated Salvo
 89245 | Depths:3 | Identified the staff "Hydraslayer" {rC+ Dex+2 Ice}
 90275 | Depths:3 | Found a one-way gate to the infinite horrors of the Abyss.
 90291 | Depths:3 | Found a runed translucent door.
 90728 | Depths:3 | Noticed a caustic shrike
 90736 | Depths:3 | Noticed a caustic shrike
 90739 | Depths:3 | Killed a caustic shrike
 90740 | Depths:3 | Killed a caustic shrike
 91073 | Depths:3 | Reached XP level 24. HP: 199/199 MP: 39/41
 91083 | Depths:3 | Learned a level 9 spell: Chain Lightning
 91655 | Depths:3 | Noticed a juggernaut
 91659 | Depths:3 | Killed a juggernaut
 91888 | Depths:3 | Identified the staff "Orb Guardian's Foe" {rElec rF+ Int+3
                  | Stlth+ Air}
 91888 | Depths:3 | Identified the ring "Ysozoaf" {Ice Str+2}
 92249 | Depths:3 | Killed a dread lich
 92255 | Depths:3 | Reached skill level 15 in Spellcasting
 92341 | Depths:3 | Killed a juggernaut
 92439 | Depths:4 | Entered Level 4 of the Depths
 93142 | Depths:4 | Noticed Frederick
 93149 | Depths:3 | Gained mutation: You sometimes lose your temper in combat.
                  | [mutagenic glow]
 93383 | Depths:4 | Killed Frederick
 93521 | Depths:4 | Identified the +7 war axe of Qettole {protect, Dex+3}
 94607 | Depths:4 | Found a gate to the Realm of Zot.
 95032 | Shoals:3 | Bought a potion of mutation for 120 gold pieces
 95032 | Shoals:3 | Bought a manual of Armour for 1200 gold pieces
 95032 | Shoals:3 | Lost mutation: You are frail. (-10% HP) [potion of
                  | mutation]
 95032 | Shoals:3 | Lost mutation: You sometimes lose your temper in combat.
                  | [potion of mutation]
 95032 | Shoals:3 | Gained mutation: Your tail ends in a venomous barb. [potion
                  | of mutation]
 95032 | Shoals:3 | Gained mutation: You are partially covered in iridescent
                  | scales. (AC +2) [potion of mutation]
 95032 | Shoals:3 | Lost mutation: You are partially covered in iridescent
                  | scales. (AC +2) [potion of mutation]
 95032 | Shoals:3 | Gained mutation: You expend magic power (3 MP) to
                  | strengthen your wands. [potion of mutation]
 95032 | Shoals:3 | Gained mutation: You are dopey. (Int -2) [potion of
                  | mutation]
 95032 | Shoals:3 | Lost mutation: You expend magic power (3 MP) to strengthen
                  | your wands. [potion of mutation]
 95032 | Shoals:3 | Gained mutation: You have a pair of small antennae on your
                  | head. [potion of mutation]
 95033 | Shoals:3 | Lost mutation: You have a pair of small antennae on your
                  | head. [potion of mutation]
 95033 | Shoals:3 | Lost mutation: You are dopey. (Int -2) [potion of mutation]
 95033 | Shoals:3 | Lost mutation: Your tail ends in a venomous barb. [potion
                  | of mutation]
 95033 | Shoals:3 | Gained mutation: You are strong-willed. (Will+) [potion of
                  | mutation]
 95033 | Shoals:3 | Gained mutation: You are dopey. (Int -2) [potion of
                  | mutation]
 95033 | Shoals:3 | Gained mutation: You are partially covered in iridescent
                  | scales. (AC +2) [potion of mutation]
 95034 | Shoals:3 | Lost mutation: You are partially covered in iridescent
                  | scales. (AC +2) [potion of mutation]
 95034 | Shoals:3 | Lost mutation: You are dopey. (Int -2) [potion of mutation]
 95034 | Shoals:3 | Lost mutation: You are strong-willed. (Will+) [potion of
                  | mutation]
 95034 | Shoals:3 | Gained mutation: You are strong-willed. (Will+) [potion of
                  | mutation]
 95034 | Shoals:3 | Gained mutation: Your spells are a little harder to cast,
                  | but a little more powerful. [potion of mutation]
 95034 | Shoals:3 | Gained mutation: You expend magic power (3 MP) to
                  | strengthen your wands. [potion of mutation]
 95350 | Vaults:5 | Entered Level 5 of the Vaults
 95979 | Vaults:5 | Reached XP level 25. HP: 227/227 MP: 42/42
 96195 | Vaults:5 | Reached skill level 15 in Conjurations
 96634 | Vaults:5 | Identified the +5 hand axe of Xom's Fury {freeze, rF+ Str+2
                  | Int+5 Dex-4}
 97288 | Vaults:5 | Identified the +4 orcbow of the Usurping Tiger {flame,
                  | Dex+2}
 97526 | Vaults:5 | Identified the +5 lajatang of Ziamiypt {spect, rN+ Str-2
                  | Stlth+}
 97640 | Vaults:5 | Identified the +8 morningstar "Apidis" {freeze, rCorr}
 97888 | Vaults:5 | Identified the +3 falchion of Sloth {elec, rF+ Will+ MP+9
                  | Dex+3}
 98196 | Vaults:5 | Noticed Margery
 98203 | Vaults:5 | Killed Margery
 98531 | Vaults:5 | Identified the +11 flail of Irritation {freeze, rElec rF+++
                  | Dex-4 Stlth+}
 98767 | Vaults:5 | Got a silver rune of Zot
 98932 | Vaults:5 | Got Jecunyc's Guide on Ice and the Congregation
 98986 | Vaults:5 | Acquired 1104 gold pieces
 98987 | Vaults:5 | Acquired 1014 gold pieces
 98988 | Vaults:5 | Acquired 748 gold pieces
 99562 | Slime:1  | Entered Level 1 of the Pits of Slime
 99771 | Slime:1  | Reached skill level 15 in Armour
100030 | Slime:2  | Found a viscous altar of Jiyva.
100767 | Slime:3  | Gained mutation: You are dopey. (Int -2) [mutagenic glow]
100774 | Slime:3  | Gained mutation: Potions are less effective at restoring
                  | your health. [mutagenic glow]
100802 | Slime:3  | Gained mutation: Your magical capacity is low. (-10% MP)
                  | [mutagenic glow]
101092 | Slime:3  | Found a viscous altar of Jiyva.
102083 | Slime:5  | Entered Level 5 of the Pits of Slime
102096 | Slime:5  | Noticed the Royal Jelly
103114 | Slime:5  | Killed the Royal Jelly
104609 | Slime:5  | Identified the +8 short sword "Xucliane" {drain, Drain
                  | Int+6}
104621 | Slime:5  | Got a slimy rune of Zot
104622 | Slime:5  | Identified the ring of the Crown {Fire rN+ Dex+3}
104627 | Slime:5  | Identified the +0 chain mail "Wuakaqio" {Slay+3}
104635 | Slime:5  | Identified the +4 hand axe "Geczy" {spect, rElec rF+}
104642 | Slime:5  | Identified the +9 rapier of Viny Optimality {pain, rElec
                  | Dex+3}
104683 | Slime:5  | Identified the +1 leather armour of Heresy {Str-5 Int+3
                  | Dex+2 Slay+3}
104703 | Slime:5  | Identified the +2 robe "Talla" {rF+}
104728 | Slime:5  | Identified the +7 spear "Fyeggaso" {elec, *Noise rN+ Dex+4}
104737 | Slime:5  | Got the Discourse on Contaminated Points
104876 | Slime:5  | Lost mutation: Your magical capacity is low. (-10% MP)
                  | [potion of mutation]
104876 | Slime:5  | Lost mutation: Potions are less effective at restoring your
                  | health. [potion of mutation]
104876 | Slime:5  | Lost mutation: You expend magic power (3 MP) to strengthen
                  | your wands. [potion of mutation]
104876 | Slime:5  | Lost mutation: You are strong-willed. (Will+) [potion of
                  | mutation]
104876 | Slime:5  | Lost mutation: Your spells are a little harder to cast, but
                  | a little more powerful. [potion of mutation]
104876 | Slime:5  | Lost mutation: You are dopey. (Int -2) [potion of mutation]
104876 | Slime:5  | Gained mutation: You are agile. (Dex +4, Str/Int -1)
                  | [potion of mutation]
104876 | Slime:5  | Gained mutation: You are weak. (Str -2) [potion of
                  | mutation]
104876 | Slime:5  | Lost mutation: You are agile. (Dex +4, Str/Int -1) [potion
                  | of mutation]
104876 | Slime:5  | Gained mutation: Your mind is acute. (Int +4, Str/Dex -1)
                  | [potion of mutation]
104876 | Slime:5  | Lost mutation: Your mind is acute. (Int +4, Str/Dex -1)
                  | [potion of mutation]
104876 | Slime:5  | Gained mutation: You occasionally shout uncontrollably at
                  | your foes. [potion of mutation]
104876 | Slime:5  | Gained mutation: You are robust. (+10% HP) [potion of
                  | mutation]
105276 | Zot:1    | Entered Level 1 of the Realm of Zot
105279 | Zot:1    | Reached XP level 26. HP: 253/258 MP: 39/43
105535 | Orc:2    | Bought a potion of mutation for 112 gold pieces
105988 | Zot:1    | Noticed an orb of fire
105989 | Zot:1    | Gained mutation: You are agile. (Dex +4, Str/Int -1) [an
                  | orb of fire]
105992 | Zot:1    | Killed an orb of fire
106160 | Zot:1    | Acquired the Disquisition on the Distorted Pyre
106229 | Zot:1    | Identified the amulet "Laxkagass" {Reflect rPois Str+4
                  | SH+5}
111730 | Zot:4    | Reached XP level 27. HP: 249/265 MP: 43/43
111835 | Zot:4    | Found the +4 dragonskin cloak
111835 | Zot:4    | Identified the ring "Larapn" {rElec rC+ Str+4}
111835 | Zot:4    | Noticed Tiamat
111839 | Zot:4    | Killed Tiamat
113017 | Zot:5    | Entered Level 5 of the Realm of Zot
113945 | Zot:5    | Noticed an orb of fire
113946 | Zot:5    | Noticed an orb of fire
113947 | Zot:5    | Noticed an orb of fire
113949 | Zot:5    | Killed an orb of fire
113953 | Zot:5    | Gained mutation: Your spells are a little easier to cast,
                  | but a little less powerful. [an orb of fire]
113954 | Zot:5    | Killed an orb of fire
113954 | Zot:5    | Killed an orb of fire
113960 | Zot:5    | Identified the +6 rapier of Conscience {drain, rElec rF-
                  | Stlth+}
114320 | Zot:5    | Reached skill level 5 in Stealth
114331 | Zot:5    | Reached skill level 15 in Shields
114741 | Zot:5    | Got the Orb of Zot
114932 | Depths:4 | Noticed Kesequhuq the pandemonium lord
115314 | D:$      | Escaped with the Orb!

Illustrated notes

***####* *****,**,**,*
**,....#*############..#**,,,,,**
#..*#...#########..####.**,,,,,**
...##....#######.##..###,**,,,**,
,#........#####.#####.##,**,,,*,,
*##..####.#####.##p.#.#.****,**,,
,.............(##.##.##.**,,,,,,,
.###......##.####.#.#..#*,**,**,,
.#........#...##@##.####*,**,**,,
...#.....##.#.##.###..##,***,***,
#..###..##..#..##.####..***,*,***
*#.....###.#######..####**,*,*,**
###.####....#..####.### *,*,*,,,
#.....#####....##..##$# *,*,*,*,
#.#...#...####..#.#..## **,*,***
*#.###...#........#...##****,****
*#..#..###########.#.#.#,,,,,,,,,


Turn 88193 on Depths:3: sigh

Levels and vault maps discovered:
D:1:      matt_arrival_diagonals, layout_basic,
          hellmonk_ecumenical_altar_zigzags, kennysheep_doodads,
          minmay_statues_item, nicolae_kite_square_tiling_tiny, chequers_jeans
D:2:      layout_basic, uniq_jessica
D:3:      layout_loops_ring, nicolae_overflow_crystal_walls, fedhas_altar_2,
          serial_co_window_serial, co_window_corner_a, co_window_paths_a,
          co_window_paths_a, co_window_paths_a, co_window_corner_a,
          co_window_broadway_c, co_window_corner_ca, co_window_of_opportunity_c,
          co_window_corner_b, co_window_broadway_c, co_window_2corner,
          co_window_4corner_b
D:4:      layout_basic, nicolae_ru_the_path_less_chosen,
          ebering_dispersal_statue_hall, moated_statue,
          minmay_misc_feat_pillars, minmay_joined_circles
D:5:      gammafunk_cloud_chamber, layout_basic, nicolae_overflow_hidden_temple
D:6:      layout_loops_ring, lemuel_crystal_altar, minmay_temple_entry_trees,
          uniq_prince_ribbit1
D:7:      layout_loops_corners
D:8:      layout_rooms, mainiacjoe_overflow_surrounded_room,
          mainiacjoe_overflow_concentric_impassable, uniq_grum
D:9:      layout_basic, hellmonk_lair_entry_icy, uniq_erolcha
D:10:     layout_roguey, eino_curves_03, minmay_misc_feat_five
D:11:     layout_cave_pools, orc_0_dummy, uniq_erica
D:12:     layout_grid_maze, grunt_decor_cap, nicolae_vehumet_radiance
D:13:     layout_loops_ring, david_vaults_3
D:14:     layout_loops_ring, enter_trove_2, uniq_josephine
D:15:     hangedman_depths_entry_civil_slaughter, layout_basic
Temple:   compressed_dpeg_circular_temple
Lair:1:   layout_gridlike
Lair:2:   layout_regular_city, spider_nest_entry_a, minivault_19,
          lemuel_fruit_tree
Lair:3:   layout_loops_ring, elwin_shoals_entry_stream,
          cheibrodos_lair_lostbears, grunt_megastairs_2, lemuel_fruit_fields
Lair:4:   layout_cave_pods, dpeg_slime_entry_corner
Lair:5:   minmay_lair_end_enchanted_forest, layout_cave_pods, uniq_sonja
Shoals:1: layout_shoals, nicolae_shoals_drake_roost
Shoals:2: layout_shoals, nicolae_shoals_pincushion_passage, uniq_polyphemus
Shoals:3: layout_shoals, serial_shops, bzr_entry_safe, nicolae_alphabet_shops
Shoals:4: shoals_end_grunt_garden, layout_shoals, serial_shops, shop
Spider:1: layout_cave_pods
Spider:2: layout_spider_delve, nicolae_spider_checkerboard
Spider:3: layout_spider_delve, worms_lemuel, hangedman_spider_tarantella_strand
Spider:4: hellmonk_spider_rune_bug_friends, drop_trap, uniq_bai_suzhen
Slime:1:  layout_caves
Slime:2:  cheibrodos_slime_lost_civilization_9, layout_caves, basic_altar
Slime:3:  cheibrodos_slime_lost_civilization_1, layout_caves, basic_altar
Slime:4:  layout_caves
Slime:5
Orc:1:    layout_diamond_mine, uniq_harold
Orc:2:    grunt_orc_cross, layout_diamond_mine, ebering_ghost_inner_flame,
          uniq_jorgrun
Elf:1:    minmay_elf_arrival_plus, layout_onion_city, minmay_elf_sorcery,
          corexii_checkpoint_a, st_stairs_12, minmay_misc_feat_diagonals
Elf:2:    nicolae_elf_blades_crystal_corner, layout_gridlike, serial_shops,
          shop, grunt_megastairs_4
Elf:3:    minmay_elf_hall_statues, layout_onion_city, drop_trap, uniq_roxanne
Vaults:1: v_rooms_1, nicolae_vaults_little_squares_1, v_misc_24,
          nicolae_vaults_tangram_2, nicolae_vaults_house_1,
          nicolae_vaults_tetromino_Z_2, layout_vaults_omnigrid, uniq_donald
Vaults:2: mu_enter_wizlab_1, nicolae_vaults_diffraction_hallways,
          nicolae_vaults_little_squares_5, hangedman_vaults_stream,
          hangedman_vaults_trim, v_rooms_6, minmay_crypt_entry_simple_box,
          nicolae_vaults_tetromino_Z_1, nicolae_vaults_wrenched,
          nicolae_vaults_trapezoid_lopsided_1, ontoclasm_vaults_fault,
          nicolae_vaults_little_squares_5, layout_vaults_ring, uniq_xtahua
Vaults:3: vaults_dpeg_emergency_exit, dpeg_vaults_hating_casters,
          nicolae_vaults_storage_closets_3, nicolae_vaults_two_Ls,
          vaults_room_fancy_cross, nicolae_vaults_cochlea,
          nicolae_vaults_layer_cake_slice, nicolae_vaults_layer_cake_slice,
          hangedman_vaults_locks, nicolae_vaults_variable_pillar_hall,
          nicolae_vaults_little_squares_1, nicolae_vaults_ring_of_whatevers,
          ontoclasm_vaults_bender, nicolae_vaults_apartment_1,
          layout_vaults_omnicross
Vaults:4: hangedman_vaults_stitches, vaults_standard_mumra_enter_the_diamond,
          hangedman_vaults_restitches, nicolae_vaults_trapezoid_layered,
          nicolae_vaults_closet_pinwheel_3, grunt_vaults_hallway_short,
          v_alt_pattern_4, nicolae_vaults_double_plus_3,
          dpeg_vaults_monster_row, v_misc_32, ontoclasm_vaults_pinch, v_misc_23,
          v_misc_22, layout_vaults_omnibox, serial_shops,
          nicolae_shop_bloodbath_and_beyond, serial_hangedman_research,
          hangedman_research_quantum, hangedman_research_thermodynamics,
          uniq_aizul
Vaults:5: uniq_margery
Crypt:1:  layout_basic
Crypt:2:  nicolae_crypt_knochenhaus, layout_chaotic_city
Crypt:3:  quadcrypt_mu, uniq_saint_roka
Depths:1: layout_basic, grunt_hell_entry_dis_mu, serial_shops,
          nicolae_shop_drivethru, serial_bayou_pond_c, rand_demon_pan_entry_4,
          nrook_campfire, st_stairs_1, nicolae_qazlal_scattered_showers
Depths:2: evilmike_diamond_2, layout_cave_pools, enter_ziggurat_d, pan_entry,
          hell_entry, serial_bayou_shore_b, infiniplex_staircase_pool_lava
Depths:3: minmay_the_grid_ultimate [minmay_the_grid_prize_diamond_cup,
          minmay_the_grid_prize_shrinking_boxes,
          minmay_the_grid_prize_inner_circle,
          minmay_the_grid_prize_four_corners, minmay_the_grid_square_5x5_tie,
          minmay_the_grid_square_5x5_plus,
          minmay_the_grid_square_5x5_misaligned,
          minmay_the_grid_square_5x5_inner_z,
          minmay_the_grid_square_5x5_eight_small,
          minmay_the_grid_square_5x5_spiral, minmay_the_grid_square_5x5_corner,
          minmay_the_grid_square_5x5_pentomino_r,
          minmay_the_grid_square_5x5_meh,
          minmay_the_grid_square_5x5_inverted_slash,
          minmay_the_grid_square_5x5_almost_minimal,
          minmay_the_grid_square_5x5_tri_point,
          minmay_the_grid_square_5x5_minivault,
          minmay_the_grid_square_5x5_broken_cross,
          minmay_the_grid_square_5x5_checkered,
          minmay_the_grid_triangle_9x9_warning,
          minmay_the_grid_triangle_9x9_sprig,
          minmay_the_grid_triangle_9x9_corrupted_corridor,
          minmay_the_grid_triangle_9x9_alien,
          minmay_the_grid_triangle_9x9_limited_checkers,
          minmay_the_grid_triangle_9x9_semitri,
          minmay_the_grid_triangle_9x9_minimal,
          minmay_the_grid_triangle_9x9_tough_junction,
          minmay_the_grid_triangle_9x9_fully_insulated_deathbox,
          minmay_the_grid_triangle_9x9_zippers_vertical,
          minmay_the_grid_triangle_9x9_negative_grid,
          minmay_the_grid_triangle_9x9_from_above,
          minmay_the_grid_triangle_9x9_impossible_snake,
          minmay_the_grid_triangle_9x9_subtriangle,
          minmay_the_grid_triangle_9x9_sparse_checkered,
          minmay_the_grid_triangle_9x9_steps,
          minmay_the_grid_square_5x5_shuriken, minmay_the_grid_octo_empty,
          minmay_the_grid_octo_fan_narrow, minmay_the_grid_octo_tetromino_candy,
          minmay_the_grid_octo_teeth, minmay_the_grid_octo_odd_swirl,
          minmay_the_grid_octo_toaster, minmay_the_grid_octo_chip,
          minmay_the_grid_octo_clover, minmay_the_grid_pillar_ring,
          minmay_the_grid_minigrid_small_alt, minmay_the_grid_diamond_grid,
          minmay_the_grid_eight], hell_entry, abyss_entry, uniq_enchantress,
          uniq_parghit
Depths:4: evilmike_zot_entry_hall, layout_gridlike, hangedman_tar_grid_catacomb,
          uniq_frederick
Zot:1:    layout_gridville
Zot:2:    layout_onion, uniq_josephina
Zot:3:    layout_misc_corridors
Zot:4:    kennysheep_six_static_rooms, layout_misc_corridors,
          st_grand_hoard_of_tiamat
Zot:5:    layout_gridlike, st_stairs_6

Skill      XL: |  1  2  3  4  5  6  7  8  9 10 11 12 13 14 15 16 17 18 19 20 21 22 23 24 25 26 27 |
---------------+----------------------------------------------------------------------------------+-----
Maces & Flails | 3 4 5 6 |  6.0
Fighting       | 2 3 4 5 6 7 8 9 10 13 15 16 | 16.0
Stealth        | 1 2 5 |  5.7
Spellcasting   | 2 3 4 5 7 8 9 10 11 12 13 14 15 16 18 | 18.3
Fire Magic     | 2 3 4 7 8 9 10 11 12 13 14 15 | 15.0
Evocations     | 1 3 4 5 6 7 |  7.8
Conjurations   | 4 5 6 7 9 12 14 17 20 | 20.0
Translocations | 4 5 6 7 |  7.0
Armour         | 1 3 5 7 8 11 12 13 15 19 20 | 20.0
Throwing       | 2 4 6 |  6.0
Dodging        | 2 4 5 6 8 |  8.9
Transmutations | 1 4 5 6 7 |  7.0
Poison Magic   | 1 4 8 10 | 10.0
Air Magic      | 1 4 7 9 10 12 15 18 19 20 | 20.9
Hexes          | 6 7 |  7.0
Necromancy     | 5 7 8 |  8.3
Shields        | 5 9 11 13 14 15 | 15.0

Action                     |  1- 3 |  4- 6 |  7- 9 | 10-12 | 13-15 | 16-18 | 19-21 | 22-24 | 25-27 || total
---------------------------+-------+-------+-------+-------+-------+-------+-------+-------+-------++-------
  Melee: Mace              |    79 |   126 |    19 |    13 |       |       |       |       |       ||   237
         Tailslap          |     7 |    15 |     4 |    10 |     9 |     2 |     3 |     4 |       ||    54
         Punch             |     1 |     1 |       |       |       |       |       |       |       ||     2
         Flail             |       |       |    15 |    19 |       |       |       |       |       ||    34
         Whip              |       |       |       |    46 |       |       |       |       |       ||    46
         Long sword        |       |       |       |     1 |    45 |    12 |    12 |     8 |       ||    78
         Staff             |       |       |       |       |       |       |       |     2 |     3 ||     5
  Throw: Dart              |       |       |     1 |     1 |       |       |       |       |       ||     2
   Cast: Magic Dart        |       |    12 |       |       |       |       |       |       |       ||    12
         Scorch            |       |    46 |   175 |   128 |    28 |       |       |       |       ||   377
         Iskenderun's Myst |       |       |       |     9 |    27 |    22 |     3 |    15 |     7 ||    83
         Ignite Poison     |       |       |       |    86 |   120 |   170 |    14 |    21 |     1 ||   412
         Olgreb's Toxic Ra |       |       |       |    48 |    31 |    31 |     4 |     4 |       ||   118
         Poisonous Vapours |       |       |       |    65 |   130 |   155 |    12 |    16 |     1 ||   379
         Plasma Beam       |       |       |       |       |   217 |   338 |   644 |   669 |   564 ||  2432
         Blink             |       |       |       |       |       |    16 |     5 |     6 |     3 ||    30
         Irradiate         |       |       |       |       |       |    63 |    30 |    45 |    25 ||   163
         Yara's Violent Un |       |       |       |       |       |     3 |     2 |     3 |     2 ||    10
         Maxwell's Capacit |       |       |       |       |       |       |    10 |     9 |    26 ||    45
         Sublimation of Bl |       |       |       |       |       |       |       |       |     4 ||     4
         Chain Lightning   |       |       |       |       |       |       |       |       |    72 ||    72
  Evoke: Wand              |       |       |    12 |     1 |     6 |    11 |     3 |     3 |     2 ||    38
         Tin of tremorston |       |       |       |       |       |       |       |     4 |       ||     4
         Box of beasts     |       |       |       |       |       |       |       |     1 |       ||     1
         Phantom mirror    |       |       |       |       |       |       |       |     1 |       ||     1
    Use: Scroll            |       |     6 |     5 |    10 |    11 |    14 |     8 |     5 |    19 ||    78
         Potion            |       |     1 |     3 |     7 |     1 |     5 |     7 |    12 |     8 ||    44
   Stab: Sleeping          |     2 |     1 |       |       |       |       |       |       |       ||     3
         Paralysed         |       |       |       |     3 |     6 |       |       |       |       ||     9
         Invisible         |       |       |       |     2 |       |       |       |       |       ||     2
 Armour: Leather armour    |    17 |       |       |       |       |       |       |       |       ||    17
         Robe              |    15 |    59 |    22 |    56 |    69 |     8 |       |       |       ||   229
         Troll leather arm |       |       |       |       |       |   166 |   116 |   151 |   123 ||   556
  Dodge: Dodged            |    36 |    66 |    61 |    93 |    71 |   163 |    66 |    88 |    66 ||   710
  Block: Buckler           |       |       |       |       |     5 |     2 |       |       |       ||     7
         Kite shield       |       |       |       |       |       |       |     1 |       |       ||     1

Table legend: (Time is in decaauts)
 A = Elapsed time spent in this place.
 B = Non-inter-level travel time spent in this place.
 C = Inter-level travel time spent in this place.
 D = Time resting spent in this place.
 E = Time spent auto-exploring this place.
 F = Levels seen in this place.
 G = Mean time per level.
                   A        B        C        D        E       F      G
               +--------+--------+--------+--------+--------+-----+--------+
         Total | 117624 | 109233 |   8391 |  31094 |  64804 |  58 | 2028.0 |
       Dungeon |  20456 |  18237 |   2219 |    511 |  15115 |  15 | 1363.7 |
        Temple |    129 |     91 |     38 |      0 |     80 |   1 |  129.0 |
          Lair |  11730 |  10582 |   1148 |    784 |   8818 |   5 | 2346.0 |
        Shoals |   8720 |   8112 |    608 |   3564 |   3774 |   4 | 2180.0 |
   Spider Nest |  10609 |  10060 |    549 |   3446 |   5517 |   4 | 2652.2 |
    Slime Pits |   5402 |   5168 |    234 |   2275 |   2332 |   5 | 1080.4 |
  Orcish Mines |   4075 |   3553 |    522 |    923 |   2089 |   2 | 2037.5 |
   Elven Halls |  11010 |  10599 |    411 |   4198 |   5316 |   3 | 3670.0 |
        Vaults |  13532 |  12637 |    895 |   4328 |   6442 |   5 | 2706.4 |
         Crypt |   7364 |   6930 |    434 |   2561 |   3309 |   3 | 2454.7 |
        Depths |  12919 |  12058 |    861 |   4281 |   6403 |   4 | 3229.8 |
           Zot |   9431 |   8963 |    468 |   3249 |   4693 |   5 | 1886.2 |
        Bazaar |    184 |    184 |      0 |      0 |     80 |   1 |  184.0 |
        Wizlab |   2058 |   2058 |      0 |    974 |    832 |   1 | 2058.0 |
               +--------+--------+--------+--------+--------+-----+--------+

Top non-repeatable levels by time:
Depths:3: 5492 daAuts
   Elf:3: 5155 daAuts
Spider:3: 5019 daAuts
Vaults:5: 4037 daAuts
   Elf:2: 3720 daAuts
  Lair:4: 3250 daAuts
Shoals:4: 3096 daAuts
 Crypt:3: 3090 daAuts
Vaults:4: 3051 daAuts
   Orc:2: 2914 daAuts
Depths:1: 2877 daAuts
 Crypt:2: 2871 daAuts
   Zot:4: 2751 daAuts
  Lair:5: 2642 daAuts
   Zot:2: 2500 daAuts
